 Dungeon Crawl Stone Soup version 0.30.0 (webtiles) character file.

Game seed: 4081906447989331709

2783 rob the Blocker (level 9, -7/123 HPs)
             Began as a Minotaur Fighter on Dec 22, 2023.
             Mangled by an orc knight
             ... wielding a +0 war axe
              (9 damage)
             ... in a bailey.
             The game lasted 00:47:54 (6991 turns).

rob the Blocker (Minotaur Fighter)                  Turns: 6991, Time: 00:47:54

Health: -7/123     AC: 24    Str: 26    XL:     9   Next: 43%
Magic:  8/8        EV:  2    Int:  5    God:
Gold:   355        SH:  6    Dex:  9    Spells: 8/8 levels left

rFire   + . .        a - +4 war axe (freeze)
rCold   . . .        c - +0 buckler
rNeg    + . .        f - melded +0 chain mail
rPois   +            (helmet currently unavailable)
rElec   .            m - melded +0 cloak
rCorr   .            (gloves currently unavailable)
SInv    .            p - melded +1 pair of boots
Will    .....        (no amulet)
Stlth   +            i - ring of positive energy
HPRegen 0.40/turn    s - ring of protection from fire
MPRegen 0.11/turn

%: no passive effects
@: tree-form, studying Shields
A: stationary, stasis, torment immunity, boosted hp, (horns 2), (retaliatory
headbutt)
a: no special abilities


You were in a bailey.
You were a tree.
You visited 1 branch of the dungeon, and saw 7 of its levels.
You also visited: Bailey.

You collected 355 gold pieces.

Inventory:

Hand Weapons
 a - a +4 war axe of freezing (weapon)
 w - a +4 club
Missiles
 h - 99 stones (quivered)
 x - 2 throwing nets
Armour
 c - a +0 buckler (worn)
 f - a +0 chain mail (melded)
 l - a scarf of repulsion
 m - a +0 cloak (melded)
 p - a +1 pair of boots (melded)
Jewellery
 i - a ring of positive energy (left branch)
 s - a ring of protection from fire (right branch)
Wands
 v - a wand of roots (7)
Scrolls
 e - a scroll of identify
 o - 5 scrolls of teleportation
 r - 2 scrolls of fear
Potions
 b - a potion of attraction
 d - a potion of curing
 j - a potion of lignification
 k - a potion of flight {unknown}
 n - a potion of experience {unknown}
 q - 4 potions of cancellation {unknown}


   Skills:
 + Level 8.7 Fighting
 + Level 8.1 Axes
 + Level 8.6 Armour
 + Level 10.0 Shields


You had 8 spell levels left.
You didn't know any spells.
Your spell library contained the following spells:

 Spells                   Type           Power      Damage    Failure   Level
 Freeze                   Ice            0%         1d3       52%         1
 Magic Dart               Conj           0%         1d3       52%         1
 Searing Ray              Conj           0%         2d4       65%         2
 Frozen Ramparts          Ice            0%         1d1       87%         3
 Hailstorm                Conj/Ice       0%         3d3       87%         3
 Ozocubu's Armour         Ice            0%         N/A       87%         3
 Fulminant Prism          Conj/Hex       0%         3d5       99%         4
 Metabolic Englaciation   Hex/Ice        0%         N/A       100%        5
 Simulacrum               Ice/Necr       0%         N/A       100%        6


Dungeon Overview and Level Annotations

Branches:
Dungeon (7/15)             Temple (0/1) D:6          Bailey (1/1)

Altars:
Kikubaaqudgha
Trog
Vehumet

Shops:
D:4 *[(


Innate Abilities, Weirdness & Mutations

You are a tree.
Your roots penetrate the ground, keeping you stationary.
You cannot be teleported.
You are immune to unholy pain and torment.
Your maximum health is greatly increased.
Your equipment is partially melded.
((You have a pair of horns on your head.))
((You reflexively headbutt those who attack you in melee.))


Message History

You block the orc knight's attack.
You barely miss the orc knight.
The orc knight is almost dead.
The orc knight hits you but does no damage.
The orc knight hits you with a +0 war axe!
* * * LOW HITPOINT WARNING * * *
You feel better.
The orc knight hits you with a +0 war axe.
* * * LOW HITPOINT WARNING * * *
You closely miss the orc knight.
The orc knight is almost dead.
The orc knight barely misses you.
You completely miss the orc knight.
The orc knight is almost dead.
You feel less wooden.
Your +0 cloak unmelds from your body.
Your +1 pair of boots unmelds from your body.
Your +0 chain mail unmelds from your body.
The orc knight hits you with a +0 war axe!
* * * LOW HITPOINT WARNING * * *
You turn into a tree.
Your +0 cloak melds into your body.
Your +1 pair of boots melds into your body.
Your +0 chain mail melds into your body.
Your roots penetrate the ground.
The orc knight hits you but does no damage.
You hit the orc knight. You freeze the orc knight.
The orc knight is almost dead.
The orc knight hits you with a +0 war axe!
* * * LOW HITPOINT WARNING * * *
You hit the orc knight but do no damage.
The orc knight is almost dead.
The orc knight hits you with a +0 war axe!
* * * LOW HITPOINT WARNING * * *
You hit the orc knight but do no damage.
The orc knight is almost dead.
The orc knight hits you but does no damage.
You hit the orc knight but do no damage.
The orc knight is almost dead.
The orc knight hits you with a +0 war axe!
You die...

#.8####
#.....#######
#.8...#.....#
#...).#.....#
####..#..⌠..#
#..'.....+
#..')))..+
#####o)'#####
#....♣......#
###~~~~...~~~~##
≈≈≈≈≈≈≈...≈≈≈≈≈≈
≈≈≈≈≈≈≈...≈≈≈≈≈≈
≈≈≈≈≈≈≈...≈≈≈≈≈≈
≈≈≈≈≈≈≈...≈≈≈≈≈≈
≈≈≈≈.........≈≈≈
#####.......####
#.......#


You could see an orc knight.

Vanquished Creatures
  Grinder (D:4)
  Sigmund (D:5)
  Menkaure (D:4)
  3 ice beasts
  3 black bears
  An ogre (D:3)
  2 phantoms
  A centaur (D:6)
  2 kobold brigands
  Blork the orc (D:4)
  3 scorpions
  A gnoll sergeant (D:6)
  4 wights (D:6)
  A howler monkey (D:6)
  2 jellies
  4 hounds
  Crazy Yiuf (D:4)
  2 orc priests
  3 iguanas
  Ijyb (D:5)
  4 orc wizards
  Robin (D:4)
  10 gnolls
  5 adders
  A white imp (D:5)
  A dart slug (D:2)
  14 orcs
  An endoplasm (D:2)
  3 giant cockroaches
  29 goblins
  12 hobgoblins
  7 jackals
  2 quokkas
  7 ball pythons
  4 bats
  2 frilled lizards (D:1)
  16 kobolds
  5 rats
  A bush (D:4)
163 creatures vanquished.

Vanquished Creatures (others)
  6 fungi (D:4)
6 creatures vanquished.

Grand Total: 169 creatures vanquished

Notes
Turn   | Place    | Note
-------+----------+-------------------------------------------
     0 | D:1      | rob the Minotaur Fighter began the quest for the Orb.
     0 | D:1      | Reached XP level 1. HP: 19/19 MP: 0/0
   231 | D:1      | Reached XP level 2. HP: 27/27 MP: 1/1
   261 | D:1      | Reached skill level 4 in Shields
   760 | D:2      | Reached XP level 3. HP: 33/33 MP: 2/2
  1084 | D:2      | Found a faded altar of an unknown god.
  1599 | D:3      | Reached XP level 4. HP: 17/41 MP: 3/3
  2177 | D:4      | Noticed Grinder
  2177 | D:4      | Noticed a phantom
  2214 | D:4      | Found Pecyva Geisi's Antique Armour Boutique.
  2225 | D:4      | Found Tuugatyu's Antique Weapon Emporium.
  2317 | D:4      | Found Hidgh's Assorted Antiques.
  2355 | D:4      | Noticed a scorpion
  2361 | D:4      | Killed a scorpion
  2362 | D:4      | Reached XP level 5. HP: 41/47 MP: 4/4
  2462 | D:4      | Noticed a black bear
  2468 | D:4      | Killed a black bear
  2469 | D:4      | Reached skill level 5 in Fighting
  2469 | D:4      | Reached skill level 5 in Armour
  2469 | D:4      | Reached skill level 5 in Shields
  2469 | D:4      | Reached XP level 6. HP: 41/56 MP: 5/5
  2545 | D:4      | Found a radiant altar of Vehumet.
  2548 | D:4      | Found a bloodstained altar of Trog.
  2586 | D:4      | Found Ruruclor's Weapon Shoppe.
  2587 | D:4      | Noticed Blork the orc
  2918 | D:4      | Killed Blork the orc
  3041 | D:4      | Found a runed translucent door.
  3042 | D:4      | Noticed Crazy Yiuf
  3188 | D:4      | Killed Crazy Yiuf
  3762 | D:3      | Reached XP level 7. HP: 25/62 MP: 6/6
  3956 | D:4      | Reached skill level 5 in Axes
  4069 | D:4      | Killed Grinder
  4070 | D:4      | Reached skill level 6 in Shields
  4073 | D:4      | Noticed Robin
  4098 | D:4      | Killed Robin
  4253 | D:4      | Noticed Menkaure
  4278 | D:4      | Killed Menkaure
  4793 | D:5      | Entered Level 5 of the Dungeon
  4842 | D:4      | Reached XP level 8. HP: 69/71 MP: 7/7
  5068 | D:5      | Reached skill level 7 in Shields
  5249 | D:5      | Noticed Ijyb
  5260 | D:5      | Killed Ijyb
  5317 | D:5      | Reached skill level 8 in Shields
  5397 | D:5      | Noticed Sigmund
  5424 | D:5      | Killed Sigmund
  5619 | D:6      | Reached XP level 9. HP: 66/80 MP: 8/8
  5852 | D:6      | Reached skill level 9 in Shields
  6012 | D:6      | Found an ancient bone altar of Kikubaaqudgha.
  6487 | D:6      | Found a staircase to the Ecumenical Temple.
  6899 | D:7      | Found a flagged portal.
  6909 | Bailey   | Entered a bailey
  6945 | Bailey   | Noticed an orc knight
  6978 | Bailey   | Reached skill level 10 in Shields
  6989 | Bailey   | HP: 1/123 [orc knight/+0 war axe (16)]
  6991 | Bailey   | Mangled by an orc knight

Illustrated notes

Levels and vault maps discovered:
D:1:      dpeg_arrival_oval, layout_rooms, minmay_close_crescents
D:2:      layout_rooms, shapermc_ecumenical_altar_mp_highgroup, minivault_25
D:3:      layout_loops_ring, minmay_goblin_outpost
D:4:      layout_cave_pods, mainiacjoe_overflow_large_starburst, serial_shops,
          nicolae_shop_competitors_out_of_business, kennysheep_mini,
          nicolae_shop_peninsula, shop, chequers_ossuary_entry_cave,
          serial_park, serial_park_square2, serial_park_square2,
          kennysheep_minor_cross, uniq_menkaure, uniq_blork_the_orc,
          uniq_grinder, uniq_crazy_yiuf_cottage, uniq_robin
D:5:      layout_rooms, mrwooster_statue_mirror, minmay_manual_monolith,
          uniq_sigmund, uniq_ijyb
D:6:      layout_loops_ring, nicolae_overflow_crystal_walls,
          minmay_temple_entry_purple_smoke
D:7:      layout_gridville, enter_bailey_5
Bailey:   bailey_axe_of_yendor_kennysheep, bailey

Skill      XL: |  1  2  3  4  5  6  7  8  9 |
---------------+----------------------------+-----
Shields        | 4 5 6 8 10 | 10.0
Armour         | 4 5 6 7 8 |  8.6
Fighting       | 4 5 6 7 8 |  8.7
Axes           | 3 4 6 7 8 |  8.1

Action                     |  1- 3 |  4- 6 |  7- 9 || total
---------------------------+-------+-------+-------++-------
  Melee: War axe           |   122 |    58 |   237 ||   417
         Headbutt          |     8 |    13 |    38 ||    59
  Throw: Stone             |       |     9 |    11 ||    20
  Evoke: Wand              |       |       |     1 ||     1
    Use: Scroll            |     3 |     6 |    11 ||    20
         Potion            |     1 |     1 |     5 ||     7
 Armour: Scale mail        |    24 |       |       ||    24
         Chain mail        |    53 |    25 |   105 ||   183
         Skin              |       |       |    17 ||    17
  Dodge: Dodged            |    59 |    27 |    62 ||   148
         Repelled          |       |     2 |       ||     2
  Block: Buckler           |    28 |    11 |    66 ||   105
